 Dungeon Crawl Stone Soup version 0.23-a0-358-g98c7a59 (webtiles) character file.

1791 galech the Chopper (level 8, 0/61 HPs)
             Began as a Demonspawn Fighter on Oct 22, 2018.
             Was a Follower of Okawaru.
             Slain by Joseph
             ... wielding a +0 quarterstaff
              (10 damage)
             ... on level 7 of the Dungeon.
             The game lasted 00:09:15 (8329 turns).

galech the Chopper (Demonspawn Fighter)             Turns: 8329, Time: 00:09:16

Health: 0/61       AC: 11    Str: 16    XL:     8   Next: 82%
Magic:  6/8        EV: 17    Int:  9    God:    Okawaru [*.....]
Gold:   316        SH: 12    Dex: 20    Spells: 7/7 levels left

rFire    + + .     SeeInvis .   k - +0 hand axe (flame)
rCold    . . .     Gourm    .   c - +0 shield
rNeg     . . .     Faith    .   E - +3 leather armour {rF+}
rPois    .         Spirit   .   j - +0 helmet
rElec    .         Reflect  .   q - +0 cloak
rCorr    .         Harm     .   (no gloves)
MR       .....                  x - +0 pair of boots
Stlth    +++.......             (no amulet)
HPRegen  0.20/turn              D - +4 ring of dexterity
MPRegen  0.11/turn              (no ring)

@: heroism
A: fire resistance 1, flame cloud immunity, sturdy frame 1
a: Heroism, Renounce Religion


You were on level 7 of the Dungeon.
You worshipped Okawaru.
Okawaru was aware of your devotion.
You were not hungry.

You visited 2 branches of the dungeon, and saw 8 of its levels.

You collected 316 gold pieces.

Inventory:

Hand Weapons
 a - a +0 war axe
 k - a +0 hand axe of flaming (weapon)
Armour
 b - a +0 scale mail
 c - a +0 shield (worn)
 j - a +0 helmet (worn)
 q - a +0 cloak (worn)
 x - a +0 pair of boots (worn)
 E - a +3 leather armour of fire resistance (worn)
Jewellery
 D - a +4 ring of dexterity (left hand)
Wands
 p - a wand of random effects (34)
Scrolls
 g - 2 scrolls of teleportation
 h - 2 scrolls of immolation
 l - a scroll of random uselessness {unknown}
 o - a scroll of noise
 r - a scroll of magic mapping
 s - 4 scrolls of remove curse
 u - a scroll of amnesia {unknown}
 w - a scroll of enchant weapon {unknown}
 y - a scroll of identify
 F - a scroll of enchant armour {unknown}
Potions
 d - 3 potions of might
 e - 3 potions of curing
 i - a potion of flight {unknown}
 m - 2 potions of brilliance
 n - a potion of resistance {unknown}
 t - 2 potions of lignification {unknown}
 v - a potion of heal wounds
 z - a potion of invisibility {unknown}
 A - a potion of magic {unknown}
 B - a potion of cancellation {unknown}
 C - 2 potions of agility {unknown}
Comestibles
 f - 11 rations


   Skills:
 + Level 4.5(9.5) Fighting
 + Level 6.6(11.6) Axes
 + Level 5.6(10.6) Armour
 + Level 2.5(7.5) Dodging
 + Level 1.4(6.4) Stealth
 + Level 5.3(10.3) Shields
 + Level 0.3 Invocations


You had 7 spell levels left.
You didn't know any spells.
Your spell library was empty.

Dungeon Overview and Level Annotations

Branches:
Dungeon (7/15)             Temple (1/1) D:5

Altars:
Cheibriados
Dithmenos
Fedhas
Kikubaaqudgha
Makhleb
Nemelex Xobeh
Okawaru
Qazlal
Sif Muna
Uskayaw
Vehumet
Wu Jian
Xom

Annotations:
D:5 1 runed door, Gildeon's ghost, novice DECj
D:7 Joseph


Innate Abilities, Weirdness & Mutations

Your flesh is heat resistant. (rF+)
You are immune to clouds of flame.
Your movements are slightly less encumbered by armour. (ER -2)


Message History

* * * LOW HITPOINT WARNING * * *
Your shield prevents you from hitting Joseph.
Joseph is heavily wounded.
Joseph hits you with a +0 quarterstaff.
* * * LOW HITPOINT WARNING * * *
You hit Joseph. You burn Joseph.
Joseph is heavily wounded.
You slash Joseph! You burn Joseph.
Joseph is severely wounded.
Joseph hits you with a +0 quarterstaff.
* * * LOW HITPOINT WARNING * * *
You hit Joseph but do no damage.
Joseph is severely wounded.
Joseph misses you.
You hit Joseph but do no damage.
Joseph is severely wounded.
You hit Joseph. You burn Joseph.
Joseph is almost dead.
Joseph hits you with a +0 quarterstaff!
You die...

.............#.#
..........#.>..#
......(........#
#.....((.....#
#......!....#
.##....<.....#
.......(.....##
######.<.........
#..@....[###.
#...@.....#
#.#.#####.# ...#.
.# #####. .# #.
##


You could see Joseph.

Vanquished Creatures
  Edmund (D:6)
  Menkaure (D:5)
  Duvessa (D:6)
  A sky beast (D:6)
  A phantom (D:5)
  2 centaurs
  A bullfrog (D:6)
  Dowan (D:6)
  A scorpion (D:5)
  3 crimson imps
  A jelly (D:6)
  3 orc priests
  2 hounds (D:6)
  2 iguanas (D:6)
  6 orc wizards
  5 worker ants
  11 adders
  8 gnolls
  A shadow imp (D:6)
  2 worms
  3 dart slugs
  6 leopard geckos
  28 orcs
  A ball python (D:4)
  12 bats
  10 giant cockroaches
  4 goblins
  9 hobgoblins
  A jackal (D:1)
  3 quokkas
  6 frilled lizards
  2 jackal skeletons
  10 kobolds
  8 rats
157 creatures vanquished.

Notes
Turn   | Place    | Note
-------+----------+-------------------------------------------
     0 | D:1      | galech the Demonspawn Fighter began the quest for the Orb.
     0 | D:1      | Reached XP level 1. HP: 18/18 MP: 1/1
   366 | D:1      | Gained mutation: Your flesh is heat resistant. (rF+)
                  | [demonic ancestry]
   366 | D:1      | Reached XP level 2. HP: 23/24 MP: 2/2
   599 | D:1      | Reached skill level 2 in Axes
   727 | D:1      | Gained mutation: You are immune to clouds of flame.
                  | [demonic ancestry]
   727 | D:1      | Reached XP level 3. HP: 26/29 MP: 3/3
  1154 | D:2      | Reached XP level 4. HP: 17/35 MP: 4/4
  1822 | D:2      | Found an ancient bone altar of Kikubaaqudgha.
  1853 | D:2      | Reached skill level 3 in Axes
  2025 | D:2      | Found a radiant altar of Vehumet.
  2030 | D:2      | Found a blossoming altar of Fedhas.
  2107 | D:2      | Reached XP level 5. HP: 40/41 MP: 5/5
  2278 | D:2      | Found a shimmering altar of Xom.
  2280 | D:2      | Found a shimmering altar of Xom.
  2285 | D:2      | Found a shimmering altar of Xom.
  2286 | D:2      | Found a shimmering altar of Xom.
  2286 | D:2      | Found a shimmering altar of Xom.
  2731 | D:3      | Found a snail-covered altar of Cheibriados.
  3096 | D:3      | Reached XP level 6. HP: 48/48 MP: 6/6
  3286 | D:3      | Reached skill level 4 in Axes
  3852 | D:4      | Reached skill level 1 in Dodging
  4011 | D:4      | Reached skill level 1 in Stealth
  4011 | D:4      | Gained mutation: Your movements are slightly less
                  | encumbered by armour. (ER -2) [demonic ancestry]
  4011 | D:4      | Reached XP level 7. HP: 10/53 MP: 7/7
  4269 | D:4      | Found a blossoming altar of Fedhas.
  4657 | D:5      | Entered Level 5 of the Dungeon
  4664 | D:5      | Noticed Menkaure
  4682 | D:5      | Killed Menkaure
  5338 | D:5      | Reached skill level 5 in Axes
  5492 | D:5      | Found a runed door.
  5492 | D:5      | Noticed Gildeon's ghost (novice DECj)
  5846 | D:5      | Found a staircase to the Ecumenical Temple.
  5914 | Temple   | Entered the Ecumenical Temple
  5942 | Temple   | Became a worshipper of Warmaster Okawaru
  6079 | D:5      | Found a snail-covered altar of Cheibriados.
  6287 | D:6      | Reached XP level 8. HP: 58/60 MP: 8/8
  6404 | D:6      | Noticed Dowan
  6405 | D:6      | Noticed Duvessa
  6415 | D:6      | Found a sparkling altar of Nemelex Xobeh.
  6941 | D:6      | Reached skill level 5 in Armour
  6970 | D:6      | Reached * piety under Okawaru
  6970 | D:6      | Reached skill level 6 in Axes
  6970 | D:6      | Reached skill level 5 in Shields
  7398 | D:6      | Killed Dowan
  7467 | D:6      | Noticed Edmund
  7524 | D:6      | Killed Edmund
  7820 | D:6      | Killed Duvessa
  8002 | D:7      | Noticed Joseph
  8329 | D:7      | Slain by Joseph

Vault maps used:
D:1:      dpeg_arrival_leaves_temple_mockup, minmay_unequal
D:2:      kiku_gazebo_garden_becter, minitemple, xom_redecorated
D:3:      cheibriados_altar_1
D:4:      fedhas_bush_and_centaur_altar
D:5:      lemuel_doored_altar, minmay_temple_entry_purple_smoke, first_ration,
          hellmonk_ghost_happy_afterlife, uniq_menkaure
D:6:      basic_altar, minivault_5, uniq_duvessa, uniq_edmund
D:7:      uniq_joseph
Temple:   eino_temple_rhombus

Skill      XL: |  1  2  3  4  5  6  7  8 |
---------------+-------------------------+-----
Shields        | 3 4 5 |  5.3
Axes           | 2 3 4 5 6 |  6.6
Armour         | 3 4 5 |  5.6
Dodging        | 1 2 |  2.5
Stealth        | 1 |  1.4
Fighting       | 4 |  4.5
Invocations    | |  0.3

Action                   |  1- 3 |  4- 6 |  7- 9 || total
-------------------------+-------+-------+-------++-------
Melee: War axe           |   120 |   186 |       ||   306
       Hand axe          |       |   120 |   480 ||   600
Invok: Heroism           |       |       |     4 ||     4
  Use: Scroll            |     1 |     2 |     5 ||     8
       Potion            |       |       |     2 ||     2
  Eat: Chunk             |     1 |    10 |    14 ||    25
Armor: Scale mail        |    74 |   132 |   108 ||   314
       Leather armour    |       |       |    17 ||    17
Dodge: Dodged            |    37 |    75 |   124 ||   236
Block: Shield            |    68 |   159 |   196 ||   423

Table legend:
 A = Non-vault XP
 B = Vault XP
 C = Vault XP percentage of total XP
 D = Non-vault monster count
 E = Vault monster count
 F = Vault count percentage of total count
                 A         B        C        D         E       F
            +---------+---------+-------+---------+---------+-------
      Total |    1895 |     664 |  25.9 |     148 |       9 |   5.7
            +---------+---------+-------+---------+---------+-------
        D:1 |      52 |       5 |   8.8 |      23 |       4 |  14.8
        D:2 |     185 |       0 |   0.0 |      35 |       0 |   0.0
        D:3 |     169 |       0 |   0.0 |      33 |       0 |   0.0
        D:4 |     236 |     108 |  31.4 |      21 |       1 |   4.5
        D:5 |     451 |     169 |  27.3 |      12 |       1 |   7.7
        D:6 |     802 |     382 |  32.3 |      24 |       3 |  11.1
            +---------+---------+-------+---------+---------+-------
